 Dungeon Sprint DCSS version 0.22.2-1-ge965b3a (webtiles) character file.

3700000 Fang the Conqueror (level 21, -41/204 HPs)
             Began as a Demonspawn Gladiator on June 3, 2019.
             Was the Champion of Makhleb.
             Annihilated by a sculptor of flesh
             ... wielding a +9 great sword
              (245 damage)
             ... in the Dungeon (Sprint VIII: "Arena of Blood").
             The game lasted 00:00:32 (37 turns).

Fang the Conqueror (Demonspawn Gladiator)             Turns: 37, Time: 00:00:33

Health: -41/204    AC:  5    Str: 27    XL:     21   Next: 0%
Magic:  21/45      EV: 40    Int: 11    God:    Makhleb [******]
Gold:   0          SH:  0    Dex: 21    Spells: 61/61 levels left

rFire    . . .     SeeInvis .   l - +∞ Axe of Woe
rCold    . . .     Gourm    .   (shield currently unavailable)
rNeg     . . .     Faith    .   b - +0 leather armour
rPois    .         Spirit   .   (helmet unavailable)
rElec    .         Reflect  .   (no cloak)
rCorr    .         Harm     .   (gloves unavailable)
MR       +....     NoTele   +   (boots unavailable)
Stlth    +++++++++.             (no amulet)
HPRegen  0.44/turn              (no ring)
MPRegen  0.29/turn              (no ring)

@: mighty, agile
A: claws 3, hooves 3, horns 3, powered by pain 3, spiny 2
a: Minor Destruction, Lesser Servant of Makhleb, Major Destruction, Greater
Servant of Makhleb, Renounce Religion


You were in the Dungeon.
You worshipped Makhleb.
Makhleb was exalted by your worship.
You were not hungry.

You visited 1 branch

Inventory:

Hand Weapons
 a - a +0 war axe
 l - the +∞ Axe of Woe (weapon)
   (You found it in the Dungeon)
Missiles
 d - 3 throwing nets (quivered)
Armour
 b - a +0 leather armour (worn)
 c - a +0 helmet
Scrolls
 k - a scroll of blinking
Potions
 e - a potion of curing
 g - a potion of heal wounds
 h - a potion of haste
 i - 2 potions of magic
 j - a potion of berserk rage
Comestibles
 f - a ration


   Skills:
 O Level 27 Fighting
 O Level 27 Axes
 O Level 27 Throwing
 + Level 20.6 Armour
 O Level 27 Dodging
 + Level 22.0 Stealth
 + Level 20.6 Unarmed Combat
 + Level 20.6 Spellcasting
 O Level 27 Invocations


You had 61 spell levels left.
You didn't know any spells.
Your spell library was empty.

Dungeon Overview and Level Annotations

Branches:
Dungeon (1/1)

Altars:
Makhleb


Innate Abilities, Weirdness & Mutations

You have claws for hands.
You have hooves in place of feet.
You have a pair of large horns on your head.
You are powered by pain.
You are mostly covered in sharp spines.


Message History

You hear a shout!
A meat berserker comes into view. It is wielding a +9 battleaxe.
You hear a shout! x3
Items here: )) == †† You hear a shout! x7
The bag of meat shouts!
You hear a shout! x8
The destroyer appears out of thin air!
A destroyer comes into view.
It is wielding a +9 great sword of slicing.
You hear a shout! x2
Things that are here:
a +9 war axe; a +30 ring of slaying You hear a shout! x7
A destroyer comes into view.
It is wielding a +9 great sword of slicing.
You hear a shout! x2
Items here: ))) === ††† The destroyer shouts! x2; You hear a shout! x4
The sculptor of flesh is struck by your spines.
The sculptor of flesh hits you with a +9 great sword!!!!!
Ouch! That really hurt!
You die...

..........
...........
......o..
#.......# .
#.......# ..
..###... .o.###...
.......###).......
.....V.._)).......
....#z@))O#......
. #_)<)_# .....
#)))..# ..O.
......)_.........
......###.......O
..###... ...###. .
. #... ...# #...
...# ..... ..


You could see a destroyer, a sculptor of flesh and a meat berserker (berserk).

Vanquished Creatures
  5 ogres (D)
  21 orcs (D)
26 creatures vanquished.

Notes
Turn   | Place    | Note
-------+----------+-------------------------------------------
     0 | D        | Found the +∞ Axe of Woe
     0 | D        | Fang the Demonspawn Gladiator began the quest for the Orb.
     0 | D        | Reached XP level 1. HP: 16/16 MP: 1/1
     1 | D        | Noticed a meat berserker
     1 | D        | Noticed a bag of meat
     1 | D        | Noticed a bag of meat
     1 | D        | Noticed a bag of meat
     3 | D        | Noticed a meat berserker
     3 | D        | Noticed a bag of meat
     4 | D        | Noticed a bag of meat
     4 | D        | Noticed a bag of meat
     6 | D        | Killed a meat berserker
     6 | D        | Reached skill level 15 in Axes
     6 | D        | Reached skill level 15 in Throwing
     6 | D        | Reached skill level 15 in Dodging
     6 | D        | Gained mutation: You have large cloven feet. [demonic
                  | ancestry]
     6 | D        | Reached XP level 2. HP: 46/46 MP: 2/2
     6 | D        | Gained mutation: You have a pair of small horns on your
                  | head. [demonic ancestry]
     6 | D        | Reached XP level 3. HP: 52/52 MP: 3/3
     6 | D        | Reached XP level 4. HP: 59/59 MP: 4/4
     6 | D        | Gained mutation: You are partially covered in sharp spines.
                  | [demonic ancestry]
     6 | D        | Reached XP level 5. HP: 66/66 MP: 5/5
     6 | D        | Reached XP level 6. HP: 73/73 MP: 6/6
     6 | D        | Gained mutation: You sometimes gain a little power by
                  | taking damage. [demonic ancestry]
     6 | D        | Reached XP level 7. HP: 79/79 MP: 7/7
     6 | D        | Reached XP level 8. HP: 86/86 MP: 8/8
     6 | D        | Gained mutation: You have sharp fingernails. [demonic
                  | ancestry]
     6 | D        | Reached XP level 9. HP: 92/92 MP: 9/9
     6 | D        | Gained mutation: You have very sharp fingernails. [demonic
                  | ancestry]
     6 | D        | Reached XP level 10. HP: 100/100 MP: 10/10
     6 | D        | Reached XP level 11. HP: 106/106 MP: 11/11
     6 | D        | Gained mutation: You sometimes gain power by taking damage.
                  | [demonic ancestry]
     6 | D        | Reached XP level 12. HP: 113/113 MP: 12/12
     6 | D        | Gained mutation: You have a pair of horns on your head.
                  | [demonic ancestry]
     6 | D        | Reached XP level 13. HP: 119/119 MP: 13/13
     6 | D        | Killed a bag of meat
     7 | D        | Killed a bag of meat
     7 | D        | Gained mutation: You are mostly covered in sharp spines.
                  | [demonic ancestry]
     7 | D        | Reached XP level 14. HP: 133/133 MP: 14/14
     8 | D        | Became a worshipper of Makhleb the Destroyer
     9 | D        | Killed a bag of meat
     9 | D        | Killed a bag of meat
     9 | D        | Reached * piety under Makhleb
     9 | D        | Reached XP level 15. HP: 108/144 MP: 15/15
    12 | D        | Killed a meat berserker
    12 | D        | Gained mutation: You are powered by pain. [demonic
                  | ancestry]
    12 | D        | Reached XP level 16. HP: 157/157 MP: 16/16
    13 | D        | Noticed a meat berserker
    14 | D        | Reached ** piety under Makhleb
    16 | D        | Killed a meat berserker
    16 | D        | Reached XP level 17. HP: 169/169 MP: 17/17
    16 | D        | Noticed a meat berserker
    17 | D        | Noticed a meat berserker
    18 | D        | Reached *** piety under Makhleb
    20 | D        | Reached skill level 27 in Fighting
    21 | D        | Killed a meat berserker
    21 | D        | Reached skill level 27 in Dodging
    21 | D        | Gained mutation: You have hoof-like feet. [demonic
                  | ancestry]
    21 | D        | Reached XP level 18. HP: 182/182 MP: 18/18
    23 | D        | Reached **** piety under Makhleb
    23 | D        | Reached skill level 27 in Axes
    23 | D        | Reached skill level 27 in Throwing
    25 | D        | Reached skill level 10 in Armour
    25 | D        | Reached skill level 10 in Unarmed Combat
    25 | D        | Reached skill level 10 in Spellcasting
    25 | D        | Gained mutation: You have a pair of large horns on your
                  | head. [demonic ancestry]
    25 | D        | Reached XP level 19. HP: 189/189 MP: 18/33
    26 | D        | Reached ***** piety under Makhleb
    28 | D        | Killed a meat berserker
    28 | D        | Reached skill level 15 in Armour
    28 | D        | Reached skill level 15 in Unarmed Combat
    28 | D        | Reached skill level 15 in Spellcasting
    28 | D        | Gained mutation: You have hooves in place of feet. [demonic
                  | ancestry]
    28 | D        | Reached XP level 20. HP: 197/197 MP: 18/41
    32 | D        | Reached ****** piety under Makhleb
    32 | D        | Reached skill level 27 in Invocations
    32 | D        | Gained mutation: You have claws for hands. [demonic
                  | ancestry]
    32 | D        | Reached XP level 21. HP: 204/204 MP: 19/45
    33 | D        | Noticed a large bag of meat
    35 | D        | Noticed a destroyer
    36 | D        | Noticed a destroyer
    37 | D        | Annihilated by a sculptor of flesh

Skill      XL: |  1  2  3  4  5  6  7  8  9 10 11 12 13 14 15 16 17 18 19 20 |
---------------+-------------------------------------------------------------+-----
Fighting       | 16 19 21 23 25 27 | 27.0
Axes           | 15 18 19 22 23 26 27 | 27.0
Throwing       | 15 18 19 21 23 26 27 | 27.0
Dodging        | 15 18 19 22 23 27 | 27.0
Armour         | 10 17 20 | 20.6
Stealth        | 11 18 22 | 22.0
Unarmed Combat | 10 17 20 | 20.6
Spellcasting   | 10 17 20 | 20.6
Invocations    | 14 22 27 | 27.0

Action                   |  1- 3 |  4- 6 |  7- 9 | 10-12 | 13-15 | 16-18 | 19-21 || total
-------------------------+-------+-------+-------+-------+-------+-------+-------++-------
Melee: Executioner's axe |     1 |       |       |       |     4 |     8 |     5 ||    18
Dodge: Dodged            |       |       |       |       |       |     1 |     1 ||     2
